 Dungeon Crawl Stone Soup version 0.28-a0-1510-gd0f6b136d3 (webtiles) character file.

Game seed: 12409177516513537506

473 a3don the Grave Robber (level 6, 0/52 HPs)
             Began as a Deep Dwarf Necromancer on Jan 14, 2022.
             Slain by a gnoll (3 damage)
             ... on level 4 of the Dungeon.
             The game lasted 00:21:25 (5645 turns).

a3don the Grave Robber (Deep Dwarf Necromancer)     Turns: 5645, Time: 00:21:25

Health: 0/52       AC:  3    Str: 12    XL:     6   Next: 84%
Magic:  10/10      EV: 13    Int: 17    God:
Gold:   178        SH:  0    Dex: 13    Spells: 6/11 levels left

rFire   . . .      SeeInvis .   b - +0 hunting sling
rCold   . . .      Faith    .   (no shield)
rNeg    . . .      Spirit   .   f - +0 robe
rPois   .          Reflect  .   (no helmet)
rElec   .          Harm     .   (no cloak)
rCorr   .          Rampage  .   (no gloves)
Will    .....                   n - +0 pair of boots
Stlth   ++........              (no amulet)
HPRegen 0.00/turn               (no ring)
MPRegen 0.12/turn               (no ring)

@: no status effects
A: damage resistance, heal wounds, sense surroundings 1, no regeneration
a: Heal Wounds


You were on level 4 of the Dungeon.
You visited 1 branch of the dungeon, and saw 4 of its levels.

You collected 178 gold pieces.

Inventory:

Hand Weapons
 a - a +2 dagger of venom
 b - a +0 hunting sling (weapon)
 t - a +1 flail of holy wrath
 u - a +0 dagger
 v - a +0 war axe
 B - a +0 whip of draining
Missiles
 c - 21 stones (quivered ammo)
 l - 21 sling bullets
 q - 5 poisoned darts
Armour
 d - a +0 leather armour
 e - a +0 plate armour
 f - a +0 robe (worn)
 n - a +0 pair of boots (worn)
Jewellery
 k - a ring of magical power
 y - a ring of fire
 C - a +6 ring of dexterity
Wands
 x - a wand of digging (3)
Scrolls
 i - a scroll of enchant armour {unknown}
 j - a scroll of silence {unknown}
 p - a scroll of acquirement {unknown}
 r - 3 scrolls of noise {unknown}
 A - a scroll of identify {unknown}
 D - a scroll of magic mapping {unknown}
 E - a scroll of fog {unknown}
Potions
 g - a potion of ambrosia {unknown}
 h - a potion of resistance {unknown}
 m - a potion of berserk rage {unknown}
 o - 2 potions of brilliance {unknown}
 s - a potion of mutation {unknown}
 w - a potion of cancellation {unknown}
 z - 2 potions of curing {unknown}


   Skills:
 + Level 2.1 Fighting
 + Level 2.1 Axes
 + Level 2.5 Slings
 + Level 4.0 Dodging
 - Level 3.0 Stealth
 + Level 3.1 Spellcasting
 + Level 5.5 Necromancy
 + Level 1.2 Evocations


You had 6 spell levels left.
You knew the following spells:

 Your Spells              Type           Power      Damage    Failure   Level
a - Pain                  Necr           84%        1d8       1%          1
b - Animate Skeleton      Necr           42%        N/A       1%          1
c - Vampiric Draining     Necr           21%        2d7       5%          3

Your spell library contained the following spells:

 Spells                   Type           Power      Damage    Failure   Level
 Animate Dead             Necr           10%        N/A       19%         4
 Agony                    Necr           21%        N/A       45%         5


Dungeon Overview and Level Annotations

Branches:
Dungeon (4/15)
 Temple: D:4-7

Altars:
Okawaru


Innate Abilities, Weirdness & Mutations

You are resistant to damage.
You can heal yourself by infusing magical energy.
You passively map a small area around you.
You do not regenerate.


Message History

You kill the gnoll!
Your Dodging skill increases to level 4!
You see here a +0 whip.
Things that are here:
a +0 flail; a gnoll corpse You start resting.
Magic restored.
There is a stone staircase leading down here.
Partly explored, can't reach some places.
There is a stone staircase leading down here.
There is a stone staircase leading down here.
You climb downwards.
There is a stone staircase leading up, spattered with blood here.
Your +2 dagger of venom stops dripping with poison.
b - a +0 hunting sling (weapon)
You are too injured to fight recklessly!
Fire: 24 stones
Press: ? - help, Q - select action, (/) - cycle Shift-Dir - straight line, f - gnoll shaman
Aim: a gnoll shaman, wielding a +0 whip and wearing a +0 robe (63% to hit)
You shoot a stone.
The stone barely misses the gnoll shaman.
The stone hits the gnoll.
The gnoll is lightly wounded.
Fire: 23 stones
Press: ? - help, Q - select action, (/) - cycle Shift-Dir - straight line, f/p - gnoll shaman
Aim: a gnoll shaman, wielding a +0 whip and wearing a +0 robe (63% to hit)
You shoot a stone.
The stone hits the gnoll shaman but does no damage.
The gnoll shaman calls upon its god to speed up the gnoll.
The gnoll seems to speed up.
Fire: 22 stones
Press: ? - help, Q - select action, (/) - cycle Shift-Dir - straight line, f/p - gnoll shaman
Aim: a gnoll shaman, wielding a +0 whip and wearing a +0 robe (63% to hit)
You shoot a stone.
The stone hits the gnoll shaman but does no damage.
The gnoll shaman closely misses you.
The gnoll hits you from afar with a +0 spear!
* * * LOW HITPOINT WARNING * * *
The gnoll hits you from afar with a +0 spear.
You die...

* * #.#*,* , .........## *
#.# , ,*.........## #. #.# ,*
, ###......# #..*##.##.##.#
######## #.#..##<)......# ,
#.#..##.###.####, #####
###.#.....#.. .... , +....
.........#.####.#,* , ##### *
#.......#.##@#.#, *
#.......#.##g#.#,* #######
#....##)#.##g#.#.######......
#............#.#......'......
#........#..(..########......
#..................g.........
#..............########......
#....##+#............##......
#....# ,#.#.###.#.##.........


You could see a gnoll shaman and a gnoll (fast).

Vanquished Creatures
  A black bear (D:4)
  A necrophage (D:4)
  A howler monkey (D:4)
  An iguana (D:4)
  Ijyb (D:3)
  An orc wizard (D:2)
  6 gnolls
  3 adders
  A worm (D:3)
  2 dart slugs
  11 orcs
  5 bats
  5 endoplasms
  2 giant cockroaches
  4 goblins
  9 hobgoblins
  2 jackals (D:1)
  4 kobolds
  3 quokkas
  8 ball pythons
  6 frilled lizards
  7 rats
84 creatures vanquished.

Notes
Turn   | Place    | Note
-------+----------+-------------------------------------------
     0 | D:1      | a3don the Deep Dwarf Necromancer began the quest for the
                  | Orb.
     0 | D:1      | Reached XP level 1. HP: 15/15 MP: 3/3
   290 | D:1      | Reached XP level 2. HP: 20/22 MP: 0/4
   434 | D:1      | Learned a level 1 spell: Animate Skeleton
  1501 | D:2      | Reached XP level 3. HP: 25/30 MP: 4/6
  1505 | D:2      | Learned a level 3 spell: Vampiric Draining
  2117 | D:2      | Reached skill level 1 in Fighting
  2117 | D:2      | Reached skill level 1 in Slings
  2117 | D:2      | Reached XP level 4. HP: 18/38 MP: 0/7
  2143 | D:2      | HP: 1/38 [orc (3)]
  2870 | D:3      | Noticed Ijyb
  2948 | D:3      | Killed Ijyb
  2949 | D:3      | Reached skill level 5 in Necromancy
  3188 | D:3      | Reached XP level 5. HP: 39/44 MP: 1/8
  3367 | D:3      | Reached skill level 1 in Axes
  3864 | D:3      | Found a faded altar of an unknown god.
  4876 | D:4      | Noticed a necrophage
  4889 | D:4      | Killed a necrophage
  4890 | D:4      | Reached XP level 6. HP: 31/52 MP: 10/10
  5144 | D:4      | Found an iron altar of Okawaru.
  5488 | D:4      | Reached skill level 1 in Evocations
  5645 | D:4      | Slain by a gnoll

Illustrated notes

Levels and vault maps discovered:
D:1:      dpeg_arrival_tiny_a, layout_basic, lemuel_old_faithful
D:2:      layout_basic, minmay_tromino_v4_a
D:3:      layout_rooms, hellmonk_ecumenical_altar_inner_sanctum,
          kennysheep_small_spiral, chequers_serial_rivers_large_a,
          minmay_misc_feat_more_columns, feat_on_display, uniq_ijyb
D:4:      layout_basic, okawaru_trees_1

Skill      XL: |  1  2  3  4  5  6 |
---------------+-------------------+-----
Spellcasting   | 2 3 |  3.1
Stealth        | 3 |  3.0
Fighting       | 1 2 |  2.1
Slings         | 1 2 |  2.5
Dodging        | 3 4 |  4.0
Necromancy     | 5 |  5.5
Axes           | 1 2 |  2.1
Evocations     | 1 |  1.2

Action                   |  1- 3 |  4- 6 || total
-------------------------+-------+-------++-------
Melee: Unarmed           |    10 |       ||    10
       Dagger            |    20 |    20 ||    40
       Flail             |       |     9 ||     9
 Fire: Hunting sling     |    47 |    69 ||   116
Throw: Stone             |     1 |       ||     1
 Cast: Pain              |    29 |    14 ||    43
       Vampiric Draining |     4 |    39 ||    43
 Abil: Heal Wounds       |       |     1 ||     1
Armor: Robe              |    16 |    11 ||    27
Dodge: Dodged            |    32 |    66 ||    98

Table legend: (Time is in decaauts)
 A = Elapsed time spent in this place.
 B = Non-inter-level travel time spent in this place.
 C = Inter-level travel time spent in this place.
 D = Time resting spent in this place.
 E = Time spent auto-exploring this place.
 F = Levels seen in this place.
 G = Mean time per level.
                   A        B        C        D        E       F      G
               +--------+--------+--------+--------+--------+-----+--------+
         Total |   5673 |   5613 |     60 |   2023 |   2722 |   4 | 1418.2 |
       Dungeon |   5673 |   5613 |     60 |   2023 |   2722 |   4 | 1418.2 |
               +--------+--------+--------+--------+--------+-----+--------+

Top non-repeatable levels by time:
     D:3: 2055 daAuts
     D:2: 1453 daAuts
     D:1: 1271 daAuts
     D:4: 892 daAuts
